 Dungeon Crawl Stone Soup version 0.31.0-32-g396128a36d (webtiles) character file.

Game seed: 7936177537872329531

93 purpleHaze the Changeling (level 4, -1/45 HPs)
             Began as an Octopode Shapeshifter on Mar 17, 2024.
             Slain by an orc
             ... wielding a +0 club
              (4 damage)
             ... on level 3 of the Dungeon.
             The game lasted 00:02:24 (1838 turns).

purpleHaze the Changeling (Octopode Shapeshifter)   Turns: 1838, Time: 00:02:25

Health: -1/45      AC: 22    Str: 15    XL:     4   Next: 62%
Magic:  4/4        EV:  2    Int: 12    God:
Gold:   173        SH:  0    Dex: 11    Spells: 3/3 levels left

rFire   . . .        p - +9 dagger "Odahan" {flame, Will+ rCorr}
rCold   + . .        (no shield)
rNeg    . . .        (helmet currently unavailable)
rPois   +            (no amulet)
rElec   .            m - ring of protection from cold
rCorr   +            (no ring)
SInv    .            (no ring)
Will    +....        (no ring)
Stlth   ++           (no ring)
HPRegen 0.27/turn    (no ring)
MPRegen 0.09/turn    (no ring)
                     (no ring)

%: no passive effects
@: tree-form
A: stationary, stasis, torment immunity, boosted hp, almost no armour,
(amphibious), 8 rings, (camouflage 1), (gelatinous body 1), (nimble swimmer 1),
(tentacles)
a: no special abilities


You were on level 3 of the Dungeon.
You were a tree.
You visited 1 branch of the dungeon, and saw 3 of its levels.

You collected 173 gold pieces.

Inventory:

Hand Weapons
 f - a +0 dagger
 p - the +9 dagger "Odahan" (weapon) {flame, Will+ rCorr}
   (You took it off a goblin on level 2 of the Dungeon)

   Will+:     It increases your willpower.
   rCorr:     It protects you from acid and corrosion.
Missiles
 i - 2 boomerangs (quivered)
 r - 5 poisoned darts
Jewellery
 m - a ring of protection from cold (left branch)
Talismans
 b - a beast talisman
 c - a flux talisman
Scrolls
 h - a scroll of brand weapon {unknown}
 j - a scroll of fear {unknown}
 o - a scroll of poison {unknown}
 q - a scroll of identify {unknown}
Potions
 d - 3 potions of mutation {unknown}
 e - a potion of brilliance {unknown}
 g - a potion of cancellation {unknown}
 k - 2 potions of might {unknown}
 l - a potion of enlightenment {unknown}
 n - a potion of attraction {unknown}
 s - a potion of curing {unknown}
 t - a potion of resistance {unknown}


   Skills:
 + Level 2.6 Fighting
 - Level 2.0 Dodging
 + Level 3.1 Stealth
 - Level 3.0 Unarmed Combat
 + Level 3.7 Shapeshifting


You had 3 spell levels left.
You didn't know any spells.
Your spell library contained the following spells:

 Spells                   Type           Power      Damage    Failure   Level
 Foxfire                  Conj/Fire      0%         2x1d4     32%         1
 Plasma Beam              Fire/Air       0%         2x1d10    100%        6
 Starburst                Conj/Fire      0%         6d3       100%        6


Dungeon Overview and Level Annotations

Branches:
Dungeon (3/15)

Altars:


Innate Abilities, Weirdness & Mutations

You are a tree.
Your roots penetrate the ground, keeping you stationary.
You cannot be teleported.
You are immune to unholy pain and torment.
Your maximum health is greatly increased.
You cannot wear most types of armour.
((You are amphibious.))
You can wear up to eight rings at the same time.
((Your skin changes colour to match your surroundings (Stealth+).))
((Your rubbery body absorbs attacks. (AC +1, EV +1)))
((You are camouflaged when in or above water. (Stealth+)))
((You have tentacles for arms and can constrict up to eight enemies at once.))


Message History

An orc wizard and 2 orcs come into view.
Found 3 stones.
The jackal barks!
The orc wizard shouts!
The orc shouts! x2
The jackal barely misses you.
The orc moves out of view.
You hit the jackal. You burn the jackal. You grab the jackal.
You squeeze the jackal.
You kill the jackal!
The jackal bites you.
You closely miss the jackal. Your grab misses the jackal.
The jackal barely misses you. The jackal bites you.
You puncture the jackal! You burn the jackal.
You kill the jackal!
You barely miss the orc wizard. You grab the orc wizard.
You squeeze the orc wizard!
The orc wizard is heavily wounded.
You constrict the orc wizard.
The orc wizard hits you with a +0 dagger.
You puncture the orc wizard! You burn the orc wizard.
You kill the orc wizard!
The orc hits you with a +0 flail. The orc hits you with a +0 club.
Your Stealth skill increases to level 3!
You closely miss the orc. You grab the orc.
You squeeze the orc, but do no damage.
You constrict the orc, but do no damage.
The orc hits you with a +0 flail! The orc closely misses you.
You are too injured to fight recklessly!
Unknown command.
You hit the orc. You burn the orc.
The orc is severely wounded.
You constrict the orc, but do no damage.
The orc hits you with a +0 flail.
* * * LOW HITPOINT WARNING * * *
The orc hits you with a +0 club.
* * * LOW HITPOINT WARNING * * *
Your transformation has ended.
You turn into a tree.
Your roots penetrate the ground.
You lose your grip on the orc.
The orc hits you with a +0 flail.
* * * LOW HITPOINT WARNING * * *
The orc hits you with a +0 club.
You die...

#<....# #..#.#
.#.....# ..#.#.
#.....## .(..#.
#...†..# . ####.#...
#......# .......#)#.
#......#
....#..#.#!##......#
......o)o#..#..###.#
##.♣.##.#..# #.#
#.......#..# ...
#..........# ....
#....#####........
≈≈...≈≈# ###.......
≈.....≈# .....
....≈...# ....
#..≈.≈..# ...
.≈...≈. ...


You could see 2 orcs.

Vanquished Creatures
  An orc wizard (D:3)
  An adder (D:2)
  6 ball pythons
  6 endoplasms
  A giant cockroach (D:1)
  7 goblins
  6 hobgoblins (D:1)
  2 jackals (D:3)
  5 kobolds
  4 quokkas
  6 bats
  4 frilled lizards
  6 rats
55 creatures vanquished.

Notes
Turn   | Place    | Note
-------+----------+-------------------------------------------
     0 | D:1      | purpleHaze the Octopode Shapeshifter began the quest for
                  | the Orb.
     0 | D:1      | Reached XP level 1. HP: 13/13 MP: 1/1
    75 | D:1      | Found a large runed translucent door.
    75 | D:1      | Found a large runed translucent door.
   148 | D:1      | Found a faded altar of an unknown god.
   152 | D:1      | Reached skill level 1 in Stealth
   167 | D:1      | Reached XP level 2. HP: 18/18 MP: 2/2
   817 | D:1      | Reached XP level 3. HP: 24/24 MP: 3/3
  1327 | D:2      | Identified the +9 dagger "Odahan" {flame, Will+ rCorr}
  1566 | D:2      | Reached XP level 4. HP: 30/30 MP: 4/4
  1838 | D:3      | Slain by an orc

Illustrated notes

Levels and vault maps discovered:
D:1:      erik_arrival_cave_to_civilisation [erik_arrival_cave_to_temple],
          layout_basic, nicolae_ecumenical_lake_church, minmay_crystal_room,
          hangedman_decor_growths
D:2:      layout_loops_ring
D:3:      layout_basic, nicolae_uskayaw_suspiria, serial_shops, shop, shop

Skill      XL: |  1  2  3  4 |
---------------+-------------+-----
Stealth        | 1 2 3 |  3.1
Fighting       | 2 |  2.6
Dodging        | |  2.0
Unarmed Combat | |  3.0
Shapeshifting  | |  3.7

Action                     |  1- 3 |  4- 6 || total
---------------------------+-------+-------++-------
  Melee: Unarmed           |    21 |       ||    21
         Constrict         |    19 |     4 ||    23
         Tentacles         |     7 |     4 ||    11
         Dagger            |    63 |    12 ||    75
         Punch             |     2 |       ||     2
    Use: Potion            |       |     1 ||     1
   Stab: Sleeping          |    10 |     2 ||    12
 Armour: Skin              |    37 |    11 ||    48
  Dodge: Dodged            |    48 |     7 ||    55
